 Dungeon Crawl Stone Soup version 0.29.0-13-gc9e81de378 (webtiles) character file.

Game seed: 17654699132645128199

16806 runemasterragnar the Fighter (level 12, -17/105 HPs)
             Began as a Green Draconian Transmuter on Sept 7, 2022.
             Was an Elder of Sif Muna.
             Demolished by a wolf spider (20 damage)
             ... on level 5 of the Lair of Beasts on Sept 9, 2022.
             The game lasted 00:45:21 (11810 turns).

runemasterragnar the Fighter (DrTm)                Turns: 11810, Time: 00:45:22

Health: -17/105    AC:  8    Str: 14    XL:     12   Next: 13%
Magic:  15/24      EV: 13    Int: 18    God:    Sif Muna [****..]
Gold:   817        SH:  0    Dex:  9    Spells: 10/27 levels left

rFire   . . .      SeeInvis +     - Unarmed
rCold   + . .      Faith    .   (no shield)
rNeg    . . .      Spirit   .   (body armour unavailable)
rPois   +          Reflect  .   (helmet restricted)
rElec   .          Harm     .   (no cloak)
rCorr   .          Rampage  .   (no gloves)
Will    .....                   (no boots)
Stlth   +.........              f - amulet of regeneration
HPRegen 1.07/turn               J - ring of protection from cold
MPRegen 0.19/turn               b - ring of see invisible

@: on blink cooldown, very slow
A: breathe noxious fumes, AC +8, unfitting armour, poison resistance,
cold-blooded, clumsy 1, evolution 1
a: Breathe Noxious Fumes, Renounce Religion, Channel Magic, Forget Spell, Divine
Exegesis


You were on level 5 of the Lair of Beasts.
You worshipped Sif Muna.
Sif Muna was greatly pleased with you.
You visited 2 branches of the dungeon, and saw 14 of its levels.
You also visited: Sewer, Ossuary and Bailey.

You collected 817 gold pieces.

Inventory:

Missiles
 B - 3 throwing nets
Magical Staves
 a - a staff of cold
 k - a staff of earth
Jewellery
 b - a ring of see invisible (right hand)
 c - a ring of poison resistance
 f - an amulet of regeneration (around neck)
 i - a ring of flight
 J - a ring of protection from cold (left hand)
Wands
 n - a wand of mindburst (10)
 s - a wand of iceblast (9)
 A - a wand of light (2)
 C - a wand of flame (48)
 F - a wand of paralysis (7)
Scrolls
 o - a scroll of immolation
 p - 2 scrolls of brand weapon {unknown}
 t - 2 scrolls of fog
 w - a scroll of summoning {unknown}
 y - 2 scrolls of torment {unknown}
Potions
 d - 4 potions of attraction
 g - 2 potions of ambrosia
 q - 7 potions of degeneration
 v - 3 potions of mutation
 x - a potion of invisibility
 E - 2 potions of brilliance


   Skills:
 + Level 9.6 Fighting
 + Level 4.6 Dodging
 + Level 5.7 Unarmed Combat
 + Level 8.4 Spellcasting
 - Level 5.7 Conjurations
 * Level 4.5 Translocations
 * Level 7.0 Transmutations
 - Level 6.0 Poison Magic
 + Level 9.4 Invocations


You had 10 spell levels left.
You knew the following spells:

 Your Spells              Type           Power      Damage    Failure   Level
a - Beastly Appendage     Tmut           66%        N/A       1%          1
b - Wereblood             Tmut           33%        N/A       1%          2
c - Spider Form           Tmut/Pois      31%        N/A       1%          3
d - Magic Dart            Conj           100%       1d8       1%          1
e - Mephitic Cloud        Conj/Pois/Air  21%        N/A       5%          3
f - Manifold Assault      Tloc           23%        N/A       38%         5
g - Blink                 Tloc           46%        N/A       2%          2

Your spell library contained the following spells:

 Spells                   Type           Power      Damage    Failure   Level
 Apportation              Tloc           46%        N/A       1%          1
 Static Discharge         Conj/Air       18%        3-6/arc   4%          2
 Gell's Gravitas          Tloc           23%        N/A       4%          3
 Lesser Beckoning         Tloc           23%        N/A       4%          3
 Conjure Flame            Conj/Fire      18%        6-21      9%          3
 Necrotise                Necr           28%        1d5       10%         1
 Summon Small Mammal      Summ           28%        N/A       10%         1
 Call Imp                 Summ           7%         N/A       14%         2
 Ice Form                 Ice/Tmut       20%        N/A       22%         4
 Call Canine Familiar     Summ           7%         N/A       28%         3
 Summon Guardian Golem    Hex/Summ       7%         N/A       28%         3
 Sticky Flame             Conj/Fire      18%        2d4       28%         4
 Dispel Undead            Necr           7%         3d8       67%         4
 Dispersal                Tloc           11%        N/A       92%         6
 Orb of Destruction       Conj           14%        9d7       100%        7
 Spellforged Servitor     Conj/Summ      9%         N/A       100%        7
 Chain Lightning          Conj/Air       9%         3d12      100%        9


Dungeon Overview and Level Annotations

Branches:
Dungeon (10/15)            Temple (0/1) D:7            Lair (3/5) D:10
    Orc (0/2) D:10          Sewer (visited)         Ossuary (visited)
 Bailey (visited)
  Swamp: Lair:2-3    Shoals: Lair:2-3     Snake: Lair:2-3    Spider: Lair:2-3

Altars:
Cheibriados
Elyvilon
Fedhas
Gozag
Hepliaklqana
Kikubaaqudgha
Makhleb
Nemelex Xobeh
Okawaru
Ru
Sif Muna
Uskayaw
Wu Jian
Xom
Yredelemnul
Zin
The Shining One


Innate Abilities, Weirdness & Mutations

You can breathe blasts of noxious fumes.
Your lurid green scales are hard. (AC +8)
You cannot fit into any form of body armour.
Your system is resistant to poisons. (rPois)
You are cold-blooded and may be slowed by cold attacks.
You are clumsy. (Dex -2)
You have hidden genetic potential.


Message History

You feel extremely strange.
Your wings grow larger and stronger.
You feel stupid.
Your feet thicken and deform.
The cane toad closely misses you. The water moccasin misses you.
The blink frog misses you.
The wyvern bites you but does no damage.
The wolf spider completely misses you. The wolf spider barely misses you.
The water moccasin bites you but does no damage.
Unknown command.
Really quaff the potion of mutation?
You feel extremely strange.
Your hooves expand and flesh out into feet!
You feel clever.
You float gracefully downwards.
Splash!
You fall into the shallow water.
Moving in this stuff is going to be slow.
Your wings shrivel and weaken.
You feel clumsy.
You feel a hidden potential growing inside you.
The wyvern bites you but does no damage.
The water moccasin bites you. The wolf spider hits you!
* * * LOW HITPOINT WARNING * * *
The wolf spider bites you!
* * * LOW HITPOINT WARNING * * *
The blink frog completely misses you. The cane toad stings you!
* * * LOW HITPOINT WARNING * * *
The water moccasin bites you but does no damage.
The catoblepas breathes a plume of calcifying dust at you.
The blast of calcifying dust hits the water moccasin.
The blast of calcifying dust hits you.
* * * LOW HITPOINT WARNING * * *
The blast of calcifying dust hits the cane toad!
The blink frog blinks! x2
The water moccasin is engulfed in calcifying dust.
The water moccasin is moving more slowly.
The water moccasin bites you.
* * * LOW HITPOINT WARNING * * *
The wyvern bites you but does no damage.
The wolf spider hits you!!
You die...

≈≈≈≈≈≈~ ≈≈≈≈≈≈~~♣
≈≈≈≈~PP~♣♣
~≈≈≈P~~~~~
~~~~~~~P~#
~~~~~~P~~#
P~P~~P~§.###
~..P~~SFs..# ##
P....~~@l§.#####.#
$......S§....#...#
.......§F..P.P...#
......FY.........#
.....F...........#
..............F.##
................#
...............##
...#....##P.###


You could see a wolf spider, 2 cane toads, 3 blink frogs, 2 water moccasins and
a wyvern.

Vanquished Creatures
  Josephine (D:10)
  Harold (D:9)
  2 vault guards (Bailey)
  A two-headed ogre (D:9)
  Pikel (D:9)
  2 black mambas
  Joseph (D:8)
  2 cane toads (Lair:5)
  A komodo dragon (Lair:1)
  Prince Ribbit (Bailey)
  2 hornets
  2 blink frogs (Lair:3)
  4 wraiths
  21 yaks
  A steam dragon (D:8)
  3 humans (Bailey)
  Duvessa (D:5)
  Edmund (D:4)
  2 water moccasins
  2 ice beasts (D:6)
  4 orc warriors
  2 sky beasts
  5 black bears
  3 wolves (Lair:1)
  2 ogres (D:5)
  A lemure (D:8)
  4 centaurs
  A phantom (D:5)
  16 bullfrogs
  3 kobold brigands
  3 gnoll sergeants
  A necrophage (D:4)
  2 scorpions
  9 wights
  Dowan (D:5)
  5 killer bees (D:9)
  2 howler monkeys
  2 jellies (D:5)
  5 gnoll boudas
  4 hounds
  7 orc priests
  3 hell rats (Lair:2)
  7 iguanas
  13 orc wizards
  9 adders
  22 gnolls
  3 river rats
  2 white imps
  3 ufetubi
  A worm (D:4)
  3 dart slugs
  48 orcs
  10 endoplasms
  7 giant cockroaches
  11 goblins
  12 hobgoblins
  2 jackals (D:4)
  18 kobolds
  6 quokkas
  8 ball pythons
  4 ball python skeletons (Ossuary)
  9 bats
  7 frilled lizards
  2 hobgoblin skeletons (Ossuary)
  2 hobgoblin zombies (Ossuary)
  A kobold zombie (Ossuary)
  An orc skeleton (Ossuary)
  6 rats
354 creatures vanquished.

Vanquished Creatures (collateral kills)
  2 killer bees (D:9)
2 creatures vanquished.

Vanquished Creatures (others)
  12 fungi
  54 plants
66 creatures vanquished.

Grand Total: 422 creatures vanquished

Notes
Turn   | Place    | Note
-------+----------+-------------------------------------------
     0 | D:1      | runemasterragnar the Draconian Transmuter began the quest
                  | for the Orb.
     0 | D:1      | Reached XP level 1. HP: 16/16 MP: 3/3
   327 | D:1      | Reached XP level 2. HP: 23/23 MP: 3/5
   377 | D:1      | You fall into a shaft and drop 1 floor!
   819 | D:2      | Reached XP level 3. HP: 28/28 MP: 4/6
   956 | D:2      | Found a faded altar of an unknown god.
   990 | D:2      | Prayed at the altar of an unknown god.
   990 | D:2      | Became a worshipper of Sif Muna the Loreminder
   990 | D:2      | Reached * piety under Sif Muna
  1533 | D:1      | Learned a level 2 spell: Wereblood
  1537 | D:1      | Learned a level 3 spell: Spider Form
  1895 | D:3      | Found a sacrificial altar of Ru.
  2055 | D:3      | Reached XP level 4. HP: 36/36 MP: 5/7
  2135 | D:3      | Found a blossoming altar of Fedhas.
  2142 | D:3      | Reached ** piety under Sif Muna
  2529 | D:4      | Noticed a necrophage
  2534 | D:4      | Killed a necrophage
  2535 | D:4      | Reached skill level 1 in Invocations
  2535 | D:4      | Reached XP level 5. HP: 41/41 MP: 8/8
  2592 | D:4      | Noticed Edmund
  2651 | D:4      | Killed Edmund
  2652 | D:4      | Reached XP level 6. HP: 12/50 MP: 5/10
  3084 | D:5      | Entered Level 5 of the Dungeon
  3117 | D:5      | Your scales start taking on a lurid green colour.
  3117 | D:5      | Reached XP level 7. HP: 57/57 MP: 6/11
  3117 | D:5      | Gained mutation: Your system is resistant to poisons.
                  | (rPois) [Green Draconian growth]
  3148 | D:5      | Found a sand-covered staircase.
  3153 | Ossuary  | Entered an ossuary
  3253 | Ossuary  | Noticed a wraith
  3253 | Ossuary  | Noticed a flying skull
  3264 | Ossuary  | Noticed a wraith
  3277 | Ossuary  | Killed a wraith
  3323 | Ossuary  | Noticed a flying skull
  3352 | Ossuary  | Noticed a flying skull
  3375 | Ossuary  | Noticed a wraith
  3402 | Ossuary  | Killed a wraith
  3403 | Ossuary  | Reached skill level 5 in Transmutations
  3403 | Ossuary  | Noticed a flying skull
  3487 | D:5      | Found a glowing drain.
  3495 | Sewer    | Entered a sewer
  3661 | Sewer    | Learned a level 1 spell: Magic Dart
  3665 | Sewer    | Learned a level 3 spell: Mephitic Cloud
  3675 | Sewer    | Reached *** piety under Sif Muna
  3802 | Sewer    | Reached XP level 8. HP: 61/66 MP: 6/13
  3806 | Sewer    | Reached skill level 1 in Poison Magic
  4013 | D:5      | Noticed Duvessa
  4014 | D:5      | Noticed Dowan
  4022 | D:5      | Killed Duvessa
  4023 | D:5      | Reached skill level 1 in Conjurations
  4030 | D:5      | Killed Dowan
  4158 | D:5      | Found an ornate altar of the Wu Jian Council.
  4159 | D:5      | Found a hide-covered altar of Uskayaw.
  4161 | D:5      | Found an ancient bone altar of Kikubaaqudgha.
  4165 | D:5      | Found an iron altar of Okawaru.
  4165 | D:5      | Found a glowing golden altar of the Shining One.
  4165 | D:5      | Found a white marble altar of Elyvilon.
  4166 | D:5      | Found a glowing silver altar of Zin.
  4167 | D:5      | Found a shimmering altar of Xom.
  4168 | D:5      | Found a hazy altar of Hepliaklqana.
  4169 | D:5      | Found a basalt altar of Yredelemnul.
  4170 | D:5      | Found a sparkling altar of Nemelex Xobeh.
  4349 | D:5      | Identified the +6 scale mail of Birhotot {-Cast Drain rPois
                  | rN+++}
  4730 | D:6      | Reached skill level 5 in Fighting
  4922 | D:6      | Reached **** piety under Sif Muna
  5038 | D:6      | Reached XP level 9. HP: 74/74 MP: 11/16
  5364 | D:6      | Reached skill level 5 in Spellcasting
  5686 | D:6      | Reached skill level 5 in Invocations
  6160 | D:7      | Found an opulent altar of Gozag.
  6471 | D:7      | Reached ***** piety under Sif Muna
  6555 | D:7      | Received a gift from Sif Muna
  6556 | D:7      | Got Jaleummi's Reference Book on the Compass and Outbursts
                  | {god gift}
  6581 | D:7      | Reached skill level 5 in Poison Magic
  6893 | D:7      | Found a burning altar of Makhleb.
  6893 | D:7      | Noticed a blizzard demon
  6896 | D:7      | Noticed a hellwing
  6896 | D:7      | Noticed an orange demon
  7125 | D:7      | Found a staircase to the Ecumenical Temple.
  7417 | D:8      | Reached XP level 10. HP: 75/84 MP: 16/19
  7485 | D:8      | Noticed Joseph
  7499 | D:8      | Killed Joseph
  7500 | D:8      | Reached skill level 5 in Conjurations
  8222 | D:9      | Noticed Pikel
  8367 | D:9      | Noticed Harold
  8385 | D:9      | Found a flagged portal.
  8391 | Bailey   | Entered a bailey
  8593 | Bailey   | Noticed Prince Ribbit
  8595 | Bailey   | Noticed a vault guard
  8614 | Bailey   | Killed a vault guard
  8617 | Bailey   | Killed Prince Ribbit
  8687 | Bailey   | Noticed a vault guard
  8695 | Bailey   | Killed a vault guard
  8696 | Bailey   | Reached XP level 11. HP: 89/95 MP: 10/22
  8761 | Bailey   | Gained mutation: You are frail. (-10% HP) [potion of
                  | mutation]
  8761 | Bailey   | Lost mutation: You are frail. (-10% HP) [potion of
                  | mutation]
  8822 | D:9      | Killed Harold
  8989 | D:9      | Killed Pikel
  8997 | D:9      | Learned a level 5 spell: Manifold Assault
  9000 | D:9      | Learned a level 2 spell: Blink
  9260 | D:9      | Noticed a two-headed ogre
  9273 | D:9      | Killed a two-headed ogre
  9274 | D:9      | Reached skill level 1 in Translocations
  9513 | D:10     | Entered Level 10 of the Dungeon
  9652 | D:10     | Received a gift from Sif Muna
  9727 | D:10     | Found a staircase to the Orcish Mines.
  9761 | D:10     | Found a staircase to the Lair.
 10123 | D:10     | Noticed Josephine
 10148 | D:10     | Killed Josephine
 10159 | D:10     | HP: 7/145 [spore (31)]
 10424 | D:10     | Found a snail-covered altar of Cheibriados.
 10582 | Lair:1   | Entered Level 1 of the Lair of Beasts
 10602 | Lair:1   | Reached skill level 5 in Unarmed Combat
 11040 | Lair:1   | Noticed a five-headed hydra
 11438 | Lair:2   | Noticed a five-headed hydra
 11535 | Lair:1   | Noticed a seven-headed hydra
 11639 | Lair:3   | Noticed a death yak
 11648 | Lair:3   | Reached XP level 12. HP: 7/105 MP: 11/24
 11656 | Lair:3   | HP: 3/105 [bullfrog (14)]
 11657 | Lair:3   | You fall into a shaft and drop 2 floors!
 11657 | Lair:5   | Entered Level 5 of the Lair of Beasts
 11764 | Lair:5   | Noticed a catoblepas
 11809 | Lair:5   | Gained mutation: Your large and strong wings let you fly.
                  | [potion of mutation]
 11809 | Lair:5   | Gained mutation: You are dopey. (Int -2) [potion of
                  | mutation]
 11809 | Lair:5   | Gained mutation: You have large cloven feet. [potion of
                  | mutation]
 11810 | Lair:5   | Lost mutation: You have large cloven feet. [potion of
                  | mutation]
 11810 | Lair:5   | Lost mutation: You are dopey. (Int -2) [potion of mutation]
 11810 | Lair:5   | Lost mutation: Your large and strong wings let you fly.
                  | [potion of mutation]
 11810 | Lair:5   | Gained mutation: You are clumsy. (Dex -2) [potion of
                  | mutation]
 11810 | Lair:5   | Gained mutation: You have hidden genetic potential. [potion
                  | of mutation]
 11810 | Lair:5   | HP: 5/105 [something/blast of calcifying dust (6)]
 11810 | Lair:5   | Demolished by a wolf spider

Illustrated notes

Levels and vault maps discovered:
D:1:      tarquinn_simple_flora_water_a, layout_basic
D:2:      layout_rooms, hellmonk_ecumenical_altar_zigzags,
          minmay_split_cup_small
D:3:      layout_basic, fedhas_altar_3, nicolae_ru_awakened_eye
D:4:      layout_rooms, uniq_edmund
D:5:      layout_basic, minitemple, enter_ossuary_2, portal_sewer_entry_b,
          roderic_serpentine_path, kennysheep_small_circle, uniq_duvessa
D:6:      layout_basic, serial_co_window_serial, co_window_paths_a,
          co_window_cross_1, co_window_paths_a, co_window_of_opportunity_a,
          co_window_of_opportunity_a, co_window_paths_a, co_window_corner_a,
          co_window_corner_b, co_window_corner_b, co_window_of_opportunity_b,
          co_window_sun, glass_columns_c, glass_columns_b, glass_columns_a
D:7:      kennysheep_housing_project, layout_loops_corners, old_standard_altar,
          makhleb_altar_promises_db, minmay_temple_entry_stoned_glass
D:8:      layout_basic, nicolae_grassy_gnolls, uniq_joseph
D:9:      layout_roguey, enter_bailey_2, uniq_pikel, uniq_harold
D:10:     layout_cave_pods, mainiacjoe_overflow_catwalk, lair_entry_dummy,
          hiddenorc1_lemuel, uniq_josephine
Lair:1:   layout_gridlike
Lair:2:   layout_cave_pods, kennysheep_abandoned_house
Lair:3:   layout_loops_ring, minmay_shoals_entry_lonely_mermaid,
          nicolae_spider_entry_orb_guardian, infiniplex_staircase_pool_2
Lair:5:   hangedman_lair_tendril_chambers, layout_gridlike,
          guppyfry_lair_end_dragon, serial_bayou_shore_a, grunt_megastairs_3

Skill      XL: |  1  2  3  4  5  6  7  8  9 10 11 12 |
---------------+-------------------------------------+-----
Dodging        | 2 3 4 |  4.6
Transmutations | 3 4 5 6 7 |  7.0
Fighting       | 2 3 5 6 8 9 |  9.6
Invocations    | 1 2 3 4 6 8 9 |  9.4
Spellcasting   | 3 4 6 7 8 |  8.4
Unarmed Combat | 4 5 |  5.7
Poison Magic   | 3 5 6 |  6.0
Conjurations   | 3 4 5 |  5.7
Translocations | 4 |  4.5

Action                   |  1- 3 |  4- 6 |  7- 9 | 10-12 || total
-------------------------+-------+-------+-------+-------++-------
Melee: Unarmed           |   111 |   104 |   539 |   499 ||  1253
       Kick              |    21 |     9 |    15 |    31 ||    76
       Tailslap          |    16 |     8 |    14 |    16 ||    54
       Headbutt          |     4 |     5 |     8 |    18 ||    35
       Punch             |       |       |     1 |     5 ||     6
 Cast: Beastly Appendage |    35 |    10 |    14 |    13 ||    72
       Spider Form       |       |     5 |    45 |    32 ||    82
       Wereblood         |       |     1 |     9 |     9 ||    19
       Magic Dart        |       |       |     2 |     8 ||    10
       Mephitic Cloud    |       |       |     1 |    19 ||    20
       Blink             |       |       |       |     3 ||     3
       Chain Lightning   |       |       |       |     2 ||     2
Invok: Divine Exegesis   |       |       |       |     2 ||     2
 Abil: Breathe Noxious F |       |       |     7 |     7 ||    14
Evoke: Wand              |       |     7 |     2 |    23 ||    32
  Use: Scroll            |       |     5 |     2 |    18 ||    25
       Potion            |       |       |     4 |    26 ||    30
 Stab: Sleeping          |     1 |       |     2 |       ||     3
       Confused          |       |       |     3 |    10 ||    13
       Paralysed         |       |       |       |     9 ||     9
Armor: Skin              |    40 |    26 |    85 |   125 ||   276
Dodge: Dodged            |    78 |   107 |   418 |   478 ||  1081
